 Dungeon Crawl Stone Soup version 0.28-a0-1506-g3893175d92 (webtiles) character file.

Game seed: 17707099285610851296

27 HallandMoats the Skirmisher (level 3, -1/33 HPs)
             Began as a Ghoul Fighter on Jan 14, 2022.
             Was a High Priest of Ignis.
             Slain by a goblin (3 damage)
             ... on level 1 of the Dungeon.
             The game lasted 00:00:54 (657 turns).

HallandMoats the Skirmisher (Ghoul Fighter)          Turns: 657, Time: 00:00:54

Health: -1/33      AC:  6    Str: 19    XL:     3   Next: 10%
Magic:  2/2        EV:  9    Int:  5    God:    Ignis [*****.]
Gold:   34         SH:  4    Dex:  8    Spells: 2/2 levels left

rFire   + . .      SeeInvis .   a - +0 long sword
rCold   + . .      Faith    .   c - +0 buckler
rNeg    + + +      Spirit   .   b - +0 scale mail
rPois   ∞          Reflect  .   (no helmet)
rElec   .          Harm     .   (no cloak)
rCorr   .          Rampage  .   (no gloves)
Will    +....                   (no boots)
Stlth   ..........              (no amulet)
HPRegen 0.00/turn               i - ring of willpower
MPRegen 0.08/turn               (no ring)

@: inhibited regen
A: claws 1, cold resistance 1, negative energy resistance 3, inhibited
regeneration, torment resistance 2
a: Renounce Religion, Fiery Armour, Foxfire Swarm, Rising Flame


You were on level 1 of the Dungeon.
You worshipped Ignis.
Ignis was extremely pleased with you.
You visited 1 branch of the dungeon, and saw 1 of its levels.

You collected 34 gold pieces.

Inventory:

Hand Weapons
 a - a +0 long sword (weapon)
Armour
 b - a +0 scale mail (worn)
 c - a +0 buckler (worn)
Jewellery
 i - a ring of willpower (left claw)
Scrolls
 f - a scroll of enchant weapon {unknown}
 h - a scroll of magic mapping {unknown}
Potions
 d - a potion of might
 e - a potion of degeneration {unknown}
 g - a potion of curing {unknown}


   Skills:
 * Level 3.6 Fighting
 * Level 2.2 Long Blades
 + Level 2.8 Armour
 + Level 0.4 Dodging
 * Level 3.0 Shields


You had 2 spell levels left.
You didn't know any spells.
Your spell library was empty.

Dungeon Overview and Level Annotations

Branches:
Dungeon (1/15)

Altars:
Ignis


Innate Abilities, Weirdness & Mutations

You thrive by killing the living.
You are immune to poison.
You have sharp fingernails.
Your flesh is cold resistant. (rC+)
You are immune to negative energy. (rN+++)
You do not regenerate when monsters are visible.
You are immune to unholy pain and torment.


Message History

You block the bat's attack. The goblin closely misses you.
The bat barely misses you.
The goblin splashes around in the water.
The bat closely misses you. The goblin barely misses you.
You block the goblin's attack. The bat hits you but does no damage.
The goblin hits you with a +0 club.
* * * LOW HITPOINT WARNING * * *
The bat closely misses you. The goblin hits you but does no damage.
The bat closely misses you. The goblin hits you but does no damage.
The bat closely misses you. The goblin hits you with a +0 club.
* * * LOW HITPOINT WARNING * * *
You block the bat's attack. The bat barely misses you.
The goblin hits you but does no damage. The bat closely misses you.
The goblin hits you with a +0 club.
* * * LOW HITPOINT WARNING * * *
The bat hits you but does no damage.
The goblin splashes around in the water.
The bat barely misses you. You block the goblin's attack.
The bat hits you but does no damage. x2
The goblin splashes around in the water.
The bat hits you but does no damage.
The goblin splashes around in the water.
The bat barely misses you. The goblin hits you but does no damage.
The bat hits you.
* * * LOW HITPOINT WARNING * * *
The goblin hits you but does no damage. The bat barely misses you.
The goblin hits you but does no damage. The bat hits you but does no damage.
The goblin splashes around in the water.
The bat hits you but does no damage.
The goblin splashes around in the water.
The bat closely misses you. The goblin hits you with a +0 club.
* * * LOW HITPOINT WARNING * * *
The bat misses you. The goblin hits you but does no damage. The bat misses you.
The goblin hits you but does no damage. You block the bat's attack.
You block the goblin's attack. The bat hits you but does no damage.
The bat closely misses you. You block the goblin's attack.
You block the bat's attack. The goblin hits you with a +0 club.
You die...

##......## ##.# #.
##..#####.## ##..# #.
#..#.....#.###...#####.
.+..≈.....≈.......†.††..
#.#≈.≈...≈.≈#.#...#####.
#.#..≈.≈.≈.≈..#.#..# #.
#.#...≈.≈.≈...#.##.# ##
# #...≈≈.≈≈...#.##>#
#...≈≈@b≈...#†##.#
#..≈.≈≈g.≈..#.##.#
#.#≈≈≈≈.≈≈≈≈#.###.#
##.#..≈.≈..#.## #.#
##.#.≈.≈.#...#
#...##.##..... #.## ...
.##.# # ..# .# .#


You could see a goblin and a bat.

Vanquished Creatures
  A dart slug (D:1)
  4 ball pythons (D:1)
  2 bats (D:1)
  3 endoplasms (D:1)
  A giant cockroach (D:1)
  A goblin (D:1)
  4 hobgoblins (D:1)
  3 jackals (D:1)
  A rat (D:1)
20 creatures vanquished.

Notes
Turn   | Place    | Note
-------+----------+-------------------------------------------
     0 | D:1      | HallandMoats the Ghoul Fighter began the quest for the Orb.
     0 | D:1      | Reached XP level 1. HP: 19/19 MP: 0/0
   181 | D:1      | Reached XP level 2. HP: 26/26 MP: 1/1
   498 | D:1      | Reached XP level 3. HP: 31/31 MP: 2/2
   553 | D:1      | Found a faded altar of an unknown god.
   592 | D:1      | Prayed at the altar of an unknown god.
   592 | D:1      | Became a worshipper of Ignis, the Dying Flame
   657 | D:1      | Slain by a goblin

Illustrated notes

Levels and vault maps discovered:
D:1:      heliophobic_arrival_henge, layout_loops_corners, serial_shops,
          shop_fountains, shapermc_ecumenical_altar_starsandcircs,
          hangedman_decor_peaks_small

Skill      XL: |  1  2  3 |
---------------+----------+-----
Long Blades    | 2 |  2.2
Shields        | 3 |  3.0
Fighting       | |  3.6
Armour         | |  2.8
Dodging        | |  0.4

Action                   || total
-------------------------++-------
Melee: Long sword        ||    52
Armor: Scale mail        ||    67
Dodge: Dodged            ||    70
Block: Buckler           ||    26

Table legend: (Time is in decaauts)
 A = Elapsed time spent in this place.
 B = Non-inter-level travel time spent in this place.
 C = Inter-level travel time spent in this place.
 D = Time resting spent in this place.
 E = Time spent auto-exploring this place.
 F = Levels seen in this place.
 G = Mean time per level.
                   A        B        C        D        E       F      G
               +--------+--------+--------+--------+--------+-----+--------+
         Total |    673 |    658 |     15 |      0 |    463 |   1 |  673.0 |
       Dungeon |    673 |    658 |     15 |      0 |    463 |   1 |  673.0 |
               +--------+--------+--------+--------+--------+-----+--------+

Top non-repeatable levels by time:
     D:1: 673 daAuts
